 Dungeon Crawl Stone Soup version 0.28.0-53-g5a82cb258f (console) character file.

Game seed: 15456171920668828764

615 Hector the Magician (level 7, -6/54 HPs)
             Began as a Djinni Cinder Acolyte on Oct 18, 2022.
             Was a High Priest of Ignis.
             Shot with an arrow by a centaur (7 damage)
             ... on level 5 of the Dungeon.
             The game lasted 00:18:09 (5886 turns).

Hector the Magician (Djinni Cinder Acolyte)         Turns: 5886, Time: 00:18:10

Health: -6/54      AC:  2    Str: 13    XL:     7   Next: 73%
Gold:   162        EV: 11    Int: 18    God:    Ignis [*****.] SH:  0 Dex:  8

rFire   + + +      SeeInvis .   a - -1 spear (flame)
rCold   x . .      Faith    .   (no shield)
rNeg    . . .      Spirit   .   y - +0 robe
rPois   ∞          Reflect  .   (no helmet)
rElec   .          Harm     .   (no cloak)
rCorr   .          Rampage  .   (no gloves)
Will    .....                   (boots unavailable)
Stlth   +.........              (no amulet)
HPRegen 0.18/turn               K - +4 ring of slaying
MPRegen 0.00/turn               (no ring)

@: attractive, flying
A: sickness immunity, fire resistance 2, cold vulnerability 1, float, innate
caster, HP casting, extra vitality 1
a: Renounce Religion, Fiery Armour, Foxfire Swarm, Rising Flame


You were on level 5 of the Dungeon.
You worshipped Ignis.
Ignis was extremely pleased with you.
You visited 1 branch of the dungeon, and saw 5 of its levels.
You also visited: Sewer.

You collected 162 gold pieces.

Inventory:

Hand Weapons
 a - a -1 spear of flaming (weapon)
 b - a +2 dagger of venom
 e - a +0 rapier
 A - a +1 short sword of flaming
Missiles
 f - 3 boomerangs
 i - 7 curare-tipped darts
 k - 58 stones
 z - 22 poisoned darts
Armour
 d - an orb of mayhem
 y - a +0 robe (worn)
Jewellery
 K - a +4 ring of slaying (left hand)
Wands
 s - a wand of iceblast (9)
Scrolls
 l - a scroll of summoning {unknown}
 p - 2 scrolls of enchant armour {unknown}
 q - a scroll of magic mapping {unknown}
 r - a scroll of immolation {unknown}
 t - a scroll of blinking {unknown}
 v - 2 scrolls of fear {unknown}
 x - 2 scrolls of teleportation {unknown}
 B - 2 scrolls of fog {unknown}
Potions
 c - a potion of resistance
 g - a potion of ambrosia {unknown}
 h - 2 potions of mutation
 j - 2 potions of might
 m - a potion of flight {unknown}
 n - a potion of curing {unknown}
 o - 2 potions of brilliance {unknown}
 u - 4 potions of attraction


   Skills:
 * Level 5.0 Fighting
 - Level 2.4 Polearms
 + Level 5.6 Spellcasting


You had 10 spell levels left.
You knew the following spells:

 Your Spells              Type           Power      Damage    Failure   Level
a - Summon Small Mammal   Summ           100%       N/A       1%          1
b - Scorch                Fire           50%        2d7       1%          2
i - Call Imp              Summ           25%        N/A       1%          2
z - Poisonous Vapours     Pois/Air       50%        N/A       1%          2
Your spell library was empty.

Dungeon Overview and Level Annotations

Branches:
Dungeon (5/15)             Temple (0/1) D:5           Sewer (visited)

Altars:
Zin


Innate Abilities, Weirdness & Mutations

You are immune to sickness and miasma.
You are immune to poison.
Your flesh is very heat resistant. (rF++)
You are vulnerable to cold. (rC-)
You float through the air rather than walking.
You learn spells naturally, not from books.
Your magical power is your life essence.
You have superior vitality. (+4 MHP)


Message History

A centaur comes into view.
Casting: Scorch (safe; 1% risk of failure)
Confirm with . or Enter, or press ? or * to list all spells.
Aiming: Poisonous Vapours (safe; 1% risk of failure)
Press: ? - help, Dir - move target, f - centaur
Aim: a centaur, quivering arrows (wandering, hasn't noticed you) Poisonous vapours surround the centaur!
The centaur is poisoned.
The centaur shouts!
Unknown command.
Casting: Poisonous Vapours (safe; 1% risk of failure)
Confirm with . or Enter, or press ? or * to list all spells.
Aiming: Poisonous Vapours (safe; 1% risk of failure)
Press: ? - help, Dir - move target, f/p - centaur
Aim: a centaur, quivering arrows (very poisoned) Poisonous vapours surround the centaur!
The centaur looks as sick as possible!
The centaur wields a +0 shortbow.
The centaur shoots an arrow.
The arrow hits you!
Unknown command.
The centaur shoots an arrow.
The arrow misses you.
The centaur shoots an arrow.
The arrow misses you.
The centaur shoots an arrow.
The arrow closely misses you.
Casting: Scorch (safe; 1% risk of failure)
Press: ? - help, Q - select action, (/) - cycle Dir - look around, f - activate Flames lash the centaur.
The centaur is severely wounded.
The centaur's fire resistance burns away.
The centaur shoots an arrow.
The arrow hits you!
Casting: Scorch (safe; 1% risk of failure)
Press: ? - help, Q - select action, (/) - cycle Dir - look around, f - activate Flames lash the centaur.
The centaur is burned terribly!
The centaur is almost dead.
The centaur shoots an arrow.
The arrow hits you!
* * * LOW HITPOINT WARNING * * *
The centaur shoots an arrow.
The arrow hits you!
* * * LOW HITPOINT WARNING * * *
Unknown command.
It was a potion of attraction.
You feel attractive to monsters.
The centaur shoots an arrow.
The arrow hits you!
You die...

####'#......
##......#
#.......+
#####.......######
+........^.......
..#.#.>.....#..##
..............#
#...#....##...#
.....#.##..@...#
#.##.......##.## #
...##.c#....#
..#.....#.##.# #
#.##.......#
.c##.#..# #.>
..#..# .. #....# .
..##.#


You could see a centaur (very poisoned, combustible).

Vanquished Creatures
  A necrophage (D:4)
  An ogre (D:4)
  A kobold brigand (Sewer)
  A jelly (D:4)
  2 hounds
  A centaur skeleton (D:4)
  An orc wizard (D:4)
  5 adders
  2 river rats
  3 worms
  8 orcs
  6 bats
  7 endoplasms
  5 giant cockroaches
  10 goblins
  6 hobgoblins
  8 jackals
  2 quokkas
  5 ball pythons
  10 frilled lizards
  14 kobolds
  11 rats
110 creatures vanquished.

Vanquished Creatures (collateral kills)
  A howler monkey (D:4)
  An adder (Sewer)
  A river rat (Sewer)
  2 kobolds
5 creatures vanquished.

Grand Total: 115 creatures vanquished

Notes
Turn   | Place    | Note
-------+----------+-------------------------------------------
     0 | D:1      | Hector the Djinni Cinder Acolyte began the quest for the
                  | Orb.
     0 | D:1      | Reached XP level 1. HP: 20/20 MP: 0/0
   201 | D:1      | Reached XP level 2. HP: 25/25 MP: 0/0
   617 | D:2      | Reached XP level 3. HP: 25/30 MP: 0/0
   617 | D:2      | Learned a level 1 spell: Summon Small Mammal
  1303 | D:2      | Reached XP level 4. HP: 23/37 MP: 0/0
  2340 | D:3      | Found a glowing drain.
  2347 | D:3      | Reached XP level 5. HP: 24/41 MP: 0/0
  2347 | D:3      | Learned a level 2 spell: Call Imp
  2519 | Sewer    | Entered a sewer
  3024 | Sewer    | Noticed a kobold brigand
  3037 | Sewer    | Killed a kobold brigand
  3038 | Sewer    | Reached XP level 6. HP: 30/48 MP: 0/0
  3365 | D:3      | Found a faded altar of an unknown god.
  4324 | D:4      | Noticed an ogre
  4351 | D:4      | Killed an ogre
  4631 | D:4      | Noticed a necrophage
  4637 | D:4      | Killed a necrophage
  4638 | D:4      | Reached skill level 5 in Spellcasting
  4638 | D:4      | Reached XP level 7. HP: 43/53 MP: 0/0
  4638 | D:4      | Learned a level 2 spell: Poisonous Vapours
  5010 | D:4      | Found a glowing silver altar of Zin.
  5726 | D:5      | Entered Level 5 of the Dungeon
  5865 | D:5      | Found a staircase to the Ecumenical Temple.
  5871 | D:5      | Reached skill level 5 in Fighting
  5885 | D:5      | HP: 1/54 [centaur/arrow (12)]
  5886 | D:5      | Shot with an arrow by a centaur

Illustrated notes

Levels and vault maps discovered:
D:1:      minmay_arrival_solitary_statue, layout_basic
D:2:      layout_rooms, minmay_quantized
D:3:      layout_basic, portal_sewer_entry_b,
          shapermc_ecumenical_altar_totnotflames
D:4:      layout_cave_pods, lemuel_crystal_altar, minivault_11
D:5:      gammafunk_steamed_eel, layout_basic,
          mainiacjoe_overflow_six_doors_small, minmay_temple_entry_ruins,
          minmay_increasing_density

Skill      XL: |  1  2  3  4  5  6  7 |
---------------+----------------------+-----
Spellcasting   | 3 4 5 |  5.6
Fighting       | 4 5 |  5.0
Polearms       | |  2.4

Action                   |  1- 3 |  4- 6 |  7- 9 || total
-------------------------+-------+-------+-------++-------
Melee: Spear             |    27 |       |       ||    27
 Cast: Scorch            |    32 |    85 |    22 ||   139
       Call Imp          |       |    15 |     2 ||    17
       Summon Small Mamm |       |    13 |     3 ||    16
       Poisonous Vapours |       |       |    18 ||    18
  Use: Scroll            |       |     4 |       ||     4
       Potion            |       |       |     1 ||     1
 Stab: Sleeping          |     1 |       |       ||     1
Armor: Robe              |     9 |     5 |       ||    14
Dodge: Dodged            |    27 |    12 |     4 ||    43
